 Dungeon Crawl Stone Soup version 0.26.0-10-g1f06aea511 (webtiles) character file.

Game seed: 9529809899655459016

315 ythm the Conjurer (level 6, 0/28 HPs)
             Began as a Vine Stalker Conjurer on Jan 13, 2021.
             Killed from afar by a kobold (10 damage)
             ... with a bolt of acid
             ... on level 3 of the Dungeon.
             The game lasted 00:05:53 (2975 turns).

ythm the Conjurer (Vine Stalker Conjurer)           Turns: 2975, Time: 00:05:53

Health: 0/28       AC:  2    Str: 11    XL:     6   Next: 44%
Magic:  0/10       EV: 12    Int: 19    God:
Gold:   102        SH:  0    Dex: 12    Spells: 2/9 levels left

rFire    . . .     SeeInvis .   o - +0 mace (venom)
rCold    . . .     Faith    .   (no shield)
rNeg     . . .     Spirit   +   a - +0 robe
rPois    .         Reflect  .   (no helmet)
rElec    .         Harm     .   (no cloak)
rCorr    .         Rampage  .   (no gloves)
Will     .....                  (no boots)
Stlth    ++........             (no amulet)
HPRegen  0.49/turn              (no ring)
MPRegen  0.12/turn              (no ring)

@: lethally poisoned (0 -> 0)
A: fangs 2, regeneration 1, magic shield, antimagic bite, no potion heal 3
a: no special abilities


You were on level 3 of the Dungeon.
You visited 1 branch of the dungeon, and saw 3 of its levels.

You collected 102 gold pieces.

Inventory:

Hand Weapons
 d - a +0 short sword
 o - a +0 mace of venom (weapon)
Armour
 a - a +0 robe (worn)
Jewellery
 j - an uncursed amulet of faith
Scrolls
 e - 2 scrolls of remove curse {unknown}
 g - a scroll of immolation {unknown}
 k - 3 scrolls of identify {unknown}
 m - 2 scrolls of enchant weapon {unknown}
 p - a scroll of teleportation {unknown}
Potions
 b - a potion of mutation {unknown}
 c - a potion of curing
 f - 4 potions of heal wounds {unknown}
 h - a potion of flight {unknown}
 i - a potion of lignification {unknown}
 l - a potion of attraction {unknown}
 n - a potion of resistance {unknown}


   Skills:
 + Level 0.2 Fighting
 + Level 0.2 Armour
 + Level 1.7 Dodging
 + Level 2.6 Stealth
 + Level 2.3 Spellcasting
 + Level 7.3 Conjurations


You had 2 spell levels left.
You knew the following spells:

 Your Spells              Type           Power        Failure   Level
a - Magic Dart            Conj           100%         1%          1
b - Searing Ray           Conj           60%          1%          2
c - Iskenderun's Mystic   Conj/Tloc      16%          34%         4

Your spell library contained the following spells:

 Spells                   Type           Power        Failure   Level
 Dazzling Flash           Conj/Hex       32%          11%         3
 Fulminant Prism          Conj/Hex       8%           34%         4


Dungeon Overview and Level Annotations

Branches:
Dungeon (3/15)

Altars:
Gozag


Innate Abilities, Weirdness & Mutations

You have extremely sharp teeth.
Your natural rate of healing is unusually fast.
When hurt, damage is shared between your health and your magic reserves.
Your bite disrupts and absorbs the magic of your enemies.
Potions cannot restore your health.


Message History

Unknown command.
Unknown command.
Unknown command.
You feel sick.
The kobold zaps a wand.
The bolt of acid misses you.
The orc shouts!
There are monsters nearby!
You feel sick.
You sock the orc!
You kill the orc!
You barely miss the frilled lizard. Your bite misses the frilled lizard.
The frilled lizard bites you. The frilled lizard closely misses you.
The orc hits you with a +0 club!
Unknown command.
You feel sick.
The kobold zaps a wand.
The bolt of acid hits the frilled lizard!
The frilled lizard is splashed with acid.
The acid corrodes the frilled lizard!
The frilled lizard dies!
The bolt of acid hits you!
You die... #.#.........>........ .... #.####............... o... ### #....###.......# ol... ##...####.### So. # #.†...K.S...# .So

#####)####†####K## #.#
..##..##...o.##).###..#
#.....#.......#..#...#
......#.......#o@..###
.........._......###
......#.......#..#
......#.......#.##
....).##.....##.#
......####.####.#
................#
.............####
#.....#.....##


You could see an orc and a kobold.

Vanquished Creatures
  A jelly (D:2)
  An orc priest (D:3)
  An orc wizard (D:3)
  Jessica (D:2)
  Terence (D:2)
  Natasha (twice) (D:2)
  8 adders
  2 worms (D:2)
  A dart slug (D:1)
  A leopard gecko (D:2)
  5 orcs (D:3)
  5 giant cockroaches
  6 goblins
  3 hobgoblins
  5 kobolds
  2 bats
  3 frilled lizards
  3 rats (D:1)
51 creatures vanquished.

Vanquished Creatures (others)
  A frilled lizard (D:3)
1 creature vanquished.

Grand Total: 52 creatures vanquished

Notes
Turn   | Place    | Note
-------+----------+-------------------------------------------
     0 | D:1      | ythm the Vine Stalker Conjurer began the quest for the Orb.
     0 | D:1      | Reached XP level 1. HP: 9/9 MP: 4/4
   283 | D:1      | Reached XP level 2. HP: 9/13 MP: 0/6
  1203 | D:2      | Reached skill level 5 in Conjurations
  1203 | D:2      | Reached XP level 3. HP: 16/16 MP: 3/7
  1513 | D:2      | Learned a level 2 spell: Searing Ray
  1544 | D:2      | Noticed Terence
  1544 | D:2      | Noticed Natasha
  1575 | D:2      | Killed Natasha
  1576 | D:2      | Gained mutation: Your natural rate of healing is unusually
                  | fast. [Vine Stalker growth]
  1576 | D:2      | Reached XP level 4. HP: 3/21 MP: 0/8
  1717 | D:2      | Noticed Natasha
  1725 | D:2      | Noticed Jessica
  1731 | D:2      | Killed Jessica
  1834 | D:2      | Reached skill level 6 in Conjurations
  1890 | D:2      | Reached XP level 5. HP: 24/24 MP: 4/9
  2242 | D:2      | Killed Terence
  2424 | D:2      | Killed Natasha
  2504 | D:2      | Learned a level 4 spell: Iskenderun's Mystic Blast
  2649 | D:2      | Reached skill level 7 in Conjurations
  2777 | D:3      | Reached XP level 6. HP: 28/28 MP: 10/10
  2838 | D:3      | Found an opulent altar of Gozag.
  2975 | D:3      | Killed from afar by a kobold

Illustrated notes

Levels and vault maps discovered:
D:1:      ncdulo_halloftheorcs, layout_basic
D:2:      layout_basic, uniq_terence, uniq_natasha, uniq_jessica
D:3:      layout_rooms, old_standard_altar, serial_park_tiny_2, minmay_vboxes

Skill      XL: |  1  2  3  4  5 |
---------------+----------------+-----
Conjurations   | 5 6 7 |  7.3
Fighting       | |  0.2
Armour         | |  0.2
Dodging        | |  1.7
Stealth        | |  2.6
Spellcasting   | |  2.3

Action                   |  1- 3 |  4- 6 || total
-------------------------+-------+-------++-------
Melee: Unarmed           |     1 |       ||     1
       Short sword       |    22 |     9 ||    31
       Bite              |     5 |     7 ||    12
       Mace              |       |    55 ||    55
 Cast: Magic Dart        |    28 |    32 ||    60
       Searing Ray       |     2 |     7 ||     9
  Use: Potion            |     1 |     1 ||     2
 Stab: Sleeping          |       |     1 ||     1
Armor: Robe              |     1 |    15 ||    16
Dodge: Dodged            |    19 |    71 ||    90
